SR
LADUE RAMS @ HUDSONVILLE FLANDERSES
09/08/2041
 
TOP OF THE 1ST
Ladue Rams batting - Pitching for Hudsonville Flanderses : RHP Carlson Foolscrow
Pitching: RHP Carlson Foolscrow
Batting: SHB Cristo López 0-0: Swinging Strike
0-1: Ball
1-1: DOUBLE (Flyball, 8RXD, EV 98.1 MPH)
Batting: RHB Clark Curtis 0-0: Ball
1-0: Fly out, F9 (Line Drive, 9, EV 101.9 MPH)
Batting: LHB Dan Webb 0-0: Called Strike
0-1: Foul Ball, location: 2F
0-2: Foul Ball, location: 2F
0-2: Strikes out swinging, 2-3 out at first.
Batting: LHB Tokaji Mizuno 0-0: Ball
1-0: Foul Ball, location: 2F
1-1: Called Strike
1-2: Strikes out swinging
Top of the 1st over - 0 runs, 1 hit, 0 errors, 1 left on base; Ladue 0 - Hudsonville 0
BOTTOM OF THE 1ST
Hudsonville Flanderses batting - Pitching for Ladue Rams : LHP Jim Steel
Pitching: LHP Jim Steel
Batting: LHB Don Clark 0-0: Ball
1-0: Ball
2-0: Called Strike
2-1: Foul Ball, location: 2F
2-2: Fly out, F8 (Flyball, 8LS, EV 89.4 MPH)
Batting: SHB José García 0-0: Called Strike
0-1: Ball
1-1: Ball
2-1: Ball
3-1: Called Strike
3-2: Foul Ball, location: 2F
3-2: Foul Ball, location: 2F
3-2: Fly out, F7 (Line Drive, 7D, EV 91.2 MPH)
Batting: RHB Aleixos Arde 0-0: DOUBLE (Line Drive, 9LM, EV 99.4 MPH)
Batting: RHB Pancho Achio 0-0: Ball
1-0: Ball
2-0: Foul Ball, location: 2F
2-1: Foul Ball, location: 2F
2-2: 2-RUN HOME RUN (Flyball, 8LXD, EV 101.2 MPH), Distance : 445 ft
Batting: RHB Bartolo Ayala 0-0: Called Strike
0-1: Ball
1-1: Called Strike
1-2: Strikes out swinging
Bottom of the 1st over - 2 runs, 2 hits, 0 errors, 0 left on base; Ladue 0 - Hudsonville 2
TOP OF THE 2ND
Ladue Rams batting - Pitching for Hudsonville Flanderses : RHP Carlson Foolscrow
Batting: RHB Nick Davis 0-0: Called Strike
0-1: Ball
1-1: Called Strike
1-2: Strikes out swinging
Batting: LHB Ruff McGruffin 0-0: Ball
1-0: Swinging Strike
1-1: Swinging Strike
1-2: SINGLE (Flyball, 8LS, EV 89.4 MPH)
Batting: RHB Norberto Costa 0-0: Ball
1-0: Swinging Strike
1-1: Ball
2-1: Called Strike
2-2: Foul Ball, location: 2F
2-2: Ball
3-2: Base on Balls
Ruff McGruffin to second
Batting: RHB Drew Rose 0-0: Called Strike
0-1: Swinging Strike
0-2: Foul Ball, location: 2F
0-2: Foul Ball, location: 2F
0-2: Strikes out swinging
Batting: LHB Guillermo Valverde 0-0: Foul Ball, location: 2F
0-1: Ball
1-1: Swinging Strike
1-2: Ball
2-2: Ball
3-2: Ground out U3 (Groundball, 3, EV 106.9 MPH)
Top of the 2nd over - 0 runs, 1 hit, 0 errors, 2 left on base; Ladue 0 - Hudsonville 2
BOTTOM OF THE 2ND
Hudsonville Flanderses batting - Pitching for Ladue Rams : LHP Jim Steel
Batting: SHB Bailey Stuart 0-0: Ball
1-0: Ground out 6-3 (Groundball, 6, EV 105.0 MPH)
Batting: RHB Yosuke Konishi 0-0: Foul Ball, location: 2F
0-1: Foul Ball, location: 2F
0-2: SINGLE (Groundball, 56D, EV 95.6 MPH)
Batting: RHB John Simpson 0-0: Ball
1-0: Foul Ball, location: 2F
1-1: Called Strike
1-2: Foul Ball, location: 2F
1-2: Foul Ball, location: 2F
1-2: Strikes out swinging
Batting: RHB Tony Mendoza 0-0: Ball
1-0: Ball
2-0: SINGLE (Groundball, 6D, EV 103.8 MPH)
Yosuke Konishi to second
Batting: LHB Don Clark 0-0: Ball
1-0: Ball
2-0: Called Strike
2-1: Ground out 4-3 (Groundball, 34, EV 88.8 MPH)
Bottom of the 2nd over - 0 runs, 2 hits, 0 errors, 2 left on base; Ladue 0 - Hudsonville 2
TOP OF THE 3RD
Ladue Rams batting - Pitching for Hudsonville Flanderses : RHP Carlson Foolscrow
Batting: SHB Cristo López 0-0: Ball
1-0: Swinging Strike
1-1: Ball
2-1: Fly out, F6 (Line Drive, 6, EV 75.6 MPH)
Batting: RHB Clark Curtis 0-0: Foul Ball, location: 2F
0-1: Swinging Strike
0-2: Strikes out swinging
Batting: LHB Dan Webb 0-0: Ball
1-0: Ball
2-0: Foul Ball, location: 2F
2-1: Ball
3-1: Base on Balls
Batting: LHB Tokaji Mizuno 0-0: Swinging Strike
0-1: 2-RUN HOME RUN (Flyball, 89XD, EV 110.6 MPH), Distance : 401 ft
Batting: RHB Nick Davis 0-0: Foul Ball, location: 2F
0-1: Swinging Strike
0-2: Foul Ball, location: 2F
0-2: Fly out, F8 (Flyball, 78XD, EV 107.5 MPH)
Top of the 3rd over - 2 runs, 1 hit, 0 errors, 0 left on base; Ladue 2 - Hudsonville 2
BOTTOM OF THE 3RD
Hudsonville Flanderses batting - Pitching for Ladue Rams : LHP Jim Steel
Batting: SHB José García 0-0: Ball
1-0: Called Strike
1-1: Foul Ball, location: 2F
1-2: Ground out 4-3 (Groundball, 4, EV 90.0 MPH)
Batting: RHB Aleixos Arde 0-0: Ball
1-0: Ground out 5-3 (Groundball, 56, EV 80.6 MPH)
Batting: RHB Pancho Achio 0-0: Ball
1-0: Called Strike
1-1: Ball
2-1: Foul Ball, location: 2F
2-2: Ball
3-2: Base on Balls
Batting: RHB Bartolo Ayala 0-0: Foul Ball, location: 2F
0-1: Fly out, F6 (Line Drive, 6, EV 69.4 MPH)
Bottom of the 3rd over - 0 runs, 0 hits, 0 errors, 1 left on base; Ladue 2 - Hudsonville 2
TOP OF THE 4TH
Ladue Rams batting - Pitching for Hudsonville Flanderses : RHP Carlson Foolscrow
Batting: LHB Ruff McGruffin 0-0: Swinging Strike
0-1: Swinging Strike
0-2: Strikes out looking
Batting: RHB Norberto Costa 0-0: Swinging Strike
0-1: Ball
1-1: Foul Ball, location: 2F
1-2: Ball
2-2: Ball
3-2: Hit by Pitch
Batting: RHB Drew Rose 0-0: Called Strike
0-1: Ball
1-1: Fly out, F7 (Line Drive, 7, EV 90.6 MPH)
Batting: LHB Guillermo Valverde 0-0: Swinging Strike
0-1: Ball
1-1: Foul Ball, location: 2F
1-2: Foul Ball, location: 2F
1-2: Ball
2-2: Ball
3-2: Ground out 6-3 (Groundball, 6, EV 85.6 MPH)
Top of the 4th over - 0 runs, 0 hits, 0 errors, 1 left on base; Ladue 2 - Hudsonville 2
BOTTOM OF THE 4TH
Hudsonville Flanderses batting - Pitching for Ladue Rams : LHP Jim Steel
Batting: SHB Bailey Stuart 0-0: Ground out 4-3 (Groundball, 4M, EV 102.5 MPH)
Batting: RHB Yosuke Konishi 0-0: Ball
1-0: Foul Ball, location: 2F
1-1: Ball
2-1: Ball
3-1: Fly out, F7 (Line Drive, 7, EV 99.4 MPH)
Batting: RHB John Simpson 0-0: Ball
1-0: Called Strike
1-1: Swinging Strike
1-2: Ball
2-2: Fly out, F8 (Flyball, 8LD, EV 95.6 MPH)
Bottom of the 4th over - 0 runs, 0 hits, 0 errors, 0 left on base; Ladue 2 - Hudsonville 2
TOP OF THE 5TH
Ladue Rams batting - Pitching for Hudsonville Flanderses : RHP Carlson Foolscrow
Batting: SHB Cristo López 0-0: Foul Ball, location: 2F
0-1: SINGLE (Groundball, 4MD, EV 95.6 MPH)
Batting: RHB Clark Curtis 0-0: Bunted foul
0-1: Ball
1-1: Bunted foul
1-2: Fly out, F6 (Line Drive, 6, EV 68.8 MPH)
Batting: LHB Dan Webb 0-0: Ball
Cristo López steals 2nd base
1-0: Foul Ball, location: 2F
1-1: Ball
2-1: DOUBLE (Groundball, 3L, EV 101.9 MPH)
Cristo López scores
Batting: LHB Tokaji Mizuno 0-0: Foul Ball, location: 2F
0-1: Foul Ball, location: 2F
0-2: Ball
1-2: Strikes out looking
Batting: RHB Nick Davis 0-0: Ball
1-0: DOUBLE (Flyball, 8RXD, EV 104.4 MPH)
Dan Webb scores
Batting: LHB Ruff McGruffin 0-0: Called Strike
0-1: Ball
1-1: DOUBLE (Groundball, 3L, EV 105.6 MPH)
Nick Davis scores
Pitching: RHP Eitoku Tanaka
Batting: RHB Norberto Costa 0-0: Foul Ball, location: 2F
0-1: Called Strike
0-2: Ball
1-2: Foul Ball, location: 2F
1-2: Foul Ball, location: 2F
1-2: Ball
2-2: Foul Ball, location: 2F
2-2: Foul Ball, location: 2F
2-2: Ball
3-2: SINGLE (Flyball, 78S, EV 90.0 MPH)
Ruff McGruffin to third
Ruff McGruffin scores
Batting: RHB Drew Rose 0-0: Ball
1-0: Foul Ball, location: 2F
1-1: Swinging Strike
1-2: Ball
2-2: Ball
3-2: Strikes out swinging
Top of the 5th over - 4 runs, 5 hits, 0 errors, 1 left on base; Ladue 6 - Hudsonville 2
BOTTOM OF THE 5TH
Hudsonville Flanderses batting - Pitching for Ladue Rams : LHP Jim Steel
Batting: RHB Tony Mendoza 0-0: Ball
1-0: Foul Ball, location: 2F
1-1: Called Strike
1-2: Foul Ball, location: 2F
1-2: Ball
2-2: Strikes out swinging
Batting: LHB Don Clark 0-0: Ball
1-0: Ball
2-0: Ball
3-0: Called Strike
3-1: Foul Ball, location: 2F
3-2: Base on Balls
Batting: SHB José García 0-0: Swinging Strike
0-1: Ball
1-1: Foul Ball, location: 2F
1-2: Strikes out swinging
Batting: RHB Aleixos Arde 0-0: Ball
1-0: Ball
2-0: Fly out, F4 (Popup, 4, EV 60.6 MPH)
Bottom of the 5th over - 0 runs, 0 hits, 0 errors, 1 left on base; Ladue 6 - Hudsonville 2
TOP OF THE 6TH
Ladue Rams batting - Pitching for Hudsonville Flanderses : RHP Eitoku Tanaka
Batting: LHB Guillermo Valverde 0-0: Called Strike
0-1: Ground out 4-3 (Groundball, 34, EV 83.1 MPH)
Batting: SHB Cristo López 0-0: Ball
1-0: Ground out U3 (Groundball, 34, EV 103.1 MPH)
Batting: RHB Clark Curtis 0-0: Ball
1-0: Swinging Strike
1-1: Foul Ball, location: 2F
1-2: Ball
2-2: Ball
3-2: Strikes out looking
Top of the 6th over - 0 runs, 0 hits, 0 errors, 0 left on base; Ladue 6 - Hudsonville 2
BOTTOM OF THE 6TH
Hudsonville Flanderses batting - Pitching for Ladue Rams : LHP Jim Steel
Pitching: RHP Louis Orioli
Batting: RHB Pancho Achio 0-0: Called Strike
0-1: Swinging Strike
0-2: Strikes out swinging
Batting: RHB Bartolo Ayala 0-0: Foul Ball, location: 2F
0-1: Hit by Pitch
Batting: SHB Bailey Stuart 0-0: Called Strike
0-1: Called Strike
0-2: Ball
1-2: Ground out U3 (Groundball, 34, EV 81.9 MPH)
Bartolo Ayala to second
Batting: RHB Yosuke Konishi 0-0: Foul Ball, location: 2F
0-1: SINGLE (Groundball, 6MD, EV 102.5 MPH)
Bartolo Ayala to third
Runner from 3rd tries for Home, SAFE, throw by CF to home
Batting: RHB John Simpson 0-0: DOUBLE (Line Drive, 7LM, EV 102.5 MPH)
Yosuke Konishi to third
Runner from 3rd tries for Home, SAFE, no throw by LF
Batting: RHB Tony Mendoza 0-0: Fly out, F9 (Flyball, 9, EV 88.8 MPH)
Bottom of the 6th over - 2 runs, 2 hits, 0 errors, 1 left on base; Ladue 6 - Hudsonville 4
TOP OF THE 7TH
Ladue Rams batting - Pitching for Hudsonville Flanderses : RHP Eitoku Tanaka
Batting: LHB Dan Webb 0-0: Called Strike
0-1: Called Strike
0-2: Strikes out swinging
Batting: LHB Tokaji Mizuno 0-0: SINGLE (Flyball, 8LS, EV 96.2 MPH)
Batting: RHB Nick Davis 0-0: Swinging Strike
0-1: Swinging Strike
0-2: Strikes out swinging
Batting: LHB Ruff McGruffin 0-0: Foul Ball, location: 2F
0-1: Called Strike
0-2: Ball
1-2: Ball
Passed Ball!
Tokaji Mizuno to second
2-2: Foul Ball, location: 2F
2-2: Foul Ball, location: 2F
2-2: Ball
Wild Pitch!
Tokaji Mizuno to third
3-2: Base on Balls
Batting: RHB Norberto Costa 0-0: Foul Ball, location: 2F
0-1: Ground out 5-3 (Groundball, 56S, EV 91.9 MPH)
Top of the 7th over - 0 runs, 1 hit, 0 errors, 2 left on base; Ladue 6 - Hudsonville 4
BOTTOM OF THE 7TH
Hudsonville Flanderses batting - Pitching for Ladue Rams : RHP Louis Orioli
Batting: LHB Don Clark 0-0: Ball
1-0: Swinging Strike
1-1: Called Strike
1-2: Foul Ball, location: 2F
1-2: Foul Ball, location: 2F
1-2: Strikes out looking
Batting: SHB José García 0-0: Foul Ball, location: 2F
0-1: Swinging Strike
0-2: Ball
1-2: Foul Ball, location: 2F
1-2: Ball
2-2: SINGLE (Flyball, 78S, EV 94.4 MPH)
Batting: RHB Aleixos Arde 0-0: Called Strike
José García is caught stealing 2nd base 2-4
0-1: Swinging Strike
0-2: Ball
1-2: Strikes out looking
Bottom of the 7th over - 0 runs, 1 hit, 0 errors, 0 left on base; Ladue 6 - Hudsonville 4
TOP OF THE 8TH
Ladue Rams batting - Pitching for Hudsonville Flanderses : RHP Eitoku Tanaka
Batting: RHB Drew Rose 0-0: Ball
1-0: Ball
2-0: Reached on error, E6 (Groundball, 6, EV 77.5 MPH)
Batting: LHB Guillermo Valverde 0-0: Called Strike
0-1: Ball
1-1: Ball
2-1: Fly out, F6 (Popup, 4MD, EV 68.1 MPH)
Pitching: RHP George Hawkins
Batting: SHB Cristo López 0-0: SINGLE (Flyball, 4D, EV 96.9 MPH)
Drew Rose to second
Runner from 2nd tries for 3rd, SAFE, throw by RF made to third
Batting: RHB Clark Curtis 0-0: Called Strike
Cristo López is caught stealing 2nd base 2-4
0-1: Foul Ball, location: 2F
0-2: Strikes out looking
Top of the 8th over - 0 runs, 1 hit, 1 error, 1 left on base; Ladue 6 - Hudsonville 4
BOTTOM OF THE 8TH
Hudsonville Flanderses batting - Pitching for Ladue Rams : RHP Louis Orioli
Pitching: RHP Tony Figueroa
Batting: RHB Pancho Achio 0-0: Ball
1-0: Ball
2-0: Ball
3-0: Called Strike
3-1: Swinging Strike
3-2: Foul Ball, location: 2F
3-2: Foul Ball, location: 2F
3-2: Foul Ball, location: 2F
3-2: Base on Balls
Batting: RHB Bartolo Ayala 0-0: Ball
1-0: Ball
2-0: Called Strike
2-1: Foul Ball, location: 2F
2-2: Strikes out swinging
Batting: SHB Bailey Stuart 0-0: Ball
1-0: Ball
2-0: Called Strike
2-1: DOUBLE (Line Drive, 89D, EV 97.5 MPH)
Pancho Achio to third
Batting: RHB Yosuke Konishi 0-0: Swinging Strike
0-1: Foul Ball, location: 2F
0-2: Foul Ball, location: 2F
0-2: Strikes out looking
Batting: RHB John Simpson 0-0: Fly out, F4 (Flyball, 4MD, EV 71.9 MPH)
Bottom of the 8th over - 0 runs, 1 hit, 0 errors, 2 left on base; Ladue 6 - Hudsonville 4
TOP OF THE 9TH
Ladue Rams batting - Pitching for Hudsonville Flanderses : RHP George Hawkins
Batting: LHB Dan Webb 0-0: Called Strike
0-1: Foul Ball, location: 2F
0-2: Ball
1-2: Strikes out swinging
Batting: LHB Tokaji Mizuno 0-0: DOUBLE (Line Drive, 89M, EV 106.2 MPH)
Pitching: RHP Ricardo Rodríguez
Batting: RHB Nick Davis 0-0: Swinging Strike
0-1: Ground out 4-3 (Groundball, 4MS, EV 63.1 MPH)
Tokaji Mizuno to third
Batting: LHB Ruff McGruffin 0-0: Swinging Strike
0-1: DOUBLE (Flyball, 8LXD, EV 86.9 MPH)
Tokaji Mizuno scores
Pinch Runner at 2nd Melvin Todd:
Batting: RHB Norberto Costa 0-0: Swinging Strike
0-1: Ball
1-1: Swinging Strike
1-2: Ball
2-2: Ball
3-2: Foul Ball, location: 2F
3-2: Foul Ball, location: 2F
3-2: Base on Balls
Batting: RHB Drew Rose 0-0: Ball
1-0: Called Strike
1-1: Called Strike
1-2: Strikes out swinging
Top of the 9th over - 1 run, 2 hits, 0 errors, 2 left on base; Ladue 7 - Hudsonville 4
BOTTOM OF THE 9TH
Hudsonville Flanderses batting - Pitching for Ladue Rams : RHP Tony Figueroa
Now at 1B: Melvin Todd
Batting: RHB Tony Mendoza 0-0: Foul Ball, location: 2F
0-1: Foul Ball, location: 2F
0-2: Ball
1-2: Strikes out swinging
Batting: LHB Don Clark 0-0: Called Strike
0-1: Called Strike
0-2: Strikes out swinging
Batting: SHB José García 0-0: Called Strike
0-1: Called Strike
0-2: Ball
1-2: Strikes out swinging
Bottom of the 9th over - 0 runs, 0 hits, 0 errors, 0 left on base; Ladue 7 - Hudsonville 4
Tuesday, January 5th, 2021 - OOTP Baseball 20.8 Build 74